 Dungeon Crawl Stone Soup version 0.31.0-10-gcf4a605ca0 (webtiles) character file.

Game seed: 3332330396394225625

135 PaiMei the Grave Robber (level 4, 0/33 HPs)
             Began as a Demonspawn Necromancer on Jan 25, 2024.
             Slain by an ice beast (12 damage)
             ... on level 4 of the Dungeon.
             The game lasted 00:04:52 (2872 turns).

PaiMei the Grave Robber (Demonspawn Necromancer)    Turns: 2872, Time: 00:04:52

Health: 0/33       AC:  5    Str:  9    XL:     4   Next: 96%
Magic:  2/8        EV: 12    Int: 17    God:
Gold:   149        SH:  0    Dex: 13    Spells: 4/8 levels left

rFire   . . .        i - +0 hand axe
rCold   . . .        (no shield)
rNeg    . . .        a - +0 robe
rPois   .            (no helmet)
rElec   .            t - +1 cloak
rCorr   .            u - +0 pair of gloves
SInv    .            (no boots)
Will    .....        (no amulet)
Stlth   ++           (no ring)
HPRegen 0.25/turn    (no ring)
MPRegen 0.22/turn

%: no passive effects
@: no status effects
A: magic regeneration
a: no special abilities


You were on level 4 of the Dungeon.
You visited 1 branch of the dungeon, and saw 4 of its levels.

You collected 149 gold pieces.

Inventory:

Hand Weapons
 i - a +0 hand axe (weapon)
Missiles
 p - 9 atropa-tipped darts (quivered)
 q - a throwing net
Armour
 a - a +0 robe (worn)
 t - a +1 cloak (worn)
 u - a +0 pair of gloves (worn)
Scrolls
 e - 5 scrolls of identify {unknown}
 g - 2 scrolls of enchant armour {unknown}
 k - a scroll of poison {unknown}
 l - a scroll of blinking {unknown}
 r - a scroll of enchant weapon {unknown}
 s - a scroll of teleportation {unknown}
Potions
 b - a potion of magic
 c - a potion of might {unknown}
 d - a potion of enlightenment {unknown}
 f - a potion of haste {unknown}
 h - 2 potions of mutation {unknown}
 j - a potion of curing {unknown}
 m - a potion of ambrosia {unknown}
 n - a potion of attraction {unknown}
 o - a potion of lignification {unknown}
 v - a potion of invisibility {unknown}


   Skills:
 + Level 1.7 Fighting
 + Level 2.7 Dodging
 - Level 2.0 Stealth
 + Level 2.9 Spellcasting
 + Level 5.1 Necromancy


You had 4 spell levels left.
You knew the following spells:

 Your Spells              Type           Power      Damage    Failure   Level
a - Necrotise             Necr           80%        1d8       2%          1
b - Vampiric Draining     Necr           20%        2d7       6%          3

Your spell library contained the following spells:

 Spells                   Type           Power      Damage    Failure   Level
 Fugue of the Fallen      Necr           20%        N/A       6%          3
 Animate Dead             Necr           20%        N/A       22%         4
 Ensorcelled Hibernation  Hex/Ice        4%         N/A       26%         2
 Anguish                  Hex/Necr       5%         N/A       52%         4
 Curse of Agony           Necr           20%        N/A       52%         5
 Haunt                    Necr/Summ      5%         N/A       100%        7
 Infestation              Necr           10%        N/A       100%        8


Dungeon Overview and Level Annotations

Branches:
Dungeon (4/15)
 Temple: D:4-7

Altars:
Nemelex Xobeh
Uskayaw

Shops:
D:1 :


Innate Abilities, Weirdness & Mutations

You regenerate magic rapidly.


Message History

You can't see any susceptible monsters within range! (Use Z to cast anyway.)
Casting: Necrotise (safe; 2% risk of failure)
Confirm with . or Enter, or press ? or * to list all spells.
You can't see any susceptible monsters within range! (Use Z to cast anyway.)
A ribbon worm comes into view.
Your hobgoblin skeleton hits the ice beast but does no damage.
Casting: Necrotise (safe; 2% risk of failure)
Confirm with . or Enter, or press ? or * to list all spells.
Aiming: Necrotise (safe; 2% risk of failure)
Press: ? - help, Shift-Dir - straight line, f/p - ice beast
Aim: an ice beast (lightly wounded, ally target, chance to affect: 78%)
The ice beast writhes in agony.
Casting: Necrotise (safe; 2% risk of failure)
Confirm with . or Enter, or press ? or * to list all spells.
Aiming: Necrotise (safe; 2% risk of failure)
Press: ? - help, Shift-Dir - straight line, f/p - ice beast
Aim: an ice beast (moderately wounded, ally target, chance to affect: 78%)
The ice beast writhes in agony.
Casting: Necrotise (safe; 2% risk of failure)
Confirm with . or Enter, or press ? or * to list all spells.
Aiming: Necrotise (safe; 2% risk of failure)
Press: ? - help, Shift-Dir - straight line, f/p - ice beast
Aim: an ice beast (moderately wounded, ally target, chance to affect: 78%)
The ice beast writhes in agony!
The ice beast misses you.
Casting: Necrotise (safe; 2% risk of failure)
Confirm with . or Enter, or press ? or * to list all spells.
Aiming: Necrotise (safe; 2% risk of failure)
Press: ? - help, Shift-Dir - straight line, f/p - ice beast
Aim: an ice beast (heavily wounded, ally target, chance to affect: 78%)
The ice beast writhes in agony.
The ice beast hits you. The ice beast freezes you!
Your hobgoblin skeleton hits the ice beast.
Casting: Necrotise (safe; 2% risk of failure)
Confirm with . or Enter, or press ? or * to list all spells.
Aiming: Necrotise (safe; 2% risk of failure)
Press: ? - help, Shift-Dir - straight line, f/p - ice beast
Aim: an ice beast (severely wounded, ally target, chance to affect: 78%)
The ice beast writhes in agony.
The ice beast hits you. The ice beast freezes you!
You die...

..........
........
......w #.....
#.... # ..w
#.##Z#######
#...Y.......
####@#######
###..##
#.....## #
#......## .#
#....#..# ...
#######.###....
#........
#........
#.#####<.


You could see an ice beast (ally target), a ribbon worm and a friendly hobgoblin
skeleton.

Vanquished Creatures
  3 adders
  A river rat (D:3)
  2 ribbon worms (D:3)
  2 dart slugs
  7 orcs
  6 ball pythons
  4 bats
  5 endoplasms
  3 giant cockroaches
  6 goblins
  3 hobgoblins
  3 kobolds
  A quokka (D:1)
  A frilled lizard (D:1)
  6 rats
53 creatures vanquished.

Vanquished Creatures (collateral kills)
  An orc wizard (D:3)
  A hobgoblin (D:2)
  A ball python (D:3)
  A kobold (D:2)
  2 rats (D:3)
6 creatures vanquished.

Grand Total: 59 creatures vanquished

Notes
Turn   | Place    | Note
-------+----------+-------------------------------------------
     0 | D:1      | PaiMei the Demonspawn Necromancer began the quest for the
                  | Orb.
     0 | D:1      | Reached XP level 1. HP: 13/13 MP: 3/3
   107 | D:1      | Found Orenut's Book Shoppe.
   282 | D:1      | Gained mutation: You regenerate magic rapidly. [demonic
                  | ancestry]
   282 | D:1      | Reached XP level 2. HP: 19/19 MP: 1/5
   626 | D:2      | Found a hide-covered altar of Uskayaw.
   985 | D:2      | Reached XP level 3. HP: 25/25 MP: 3/6
   989 | D:2      | Learned a level 3 spell: Vampiric Draining
  1615 | D:3      | Reached skill level 1 in Fighting
  1643 | D:3      | Found a sparkling altar of Nemelex Xobeh.
  1881 | D:3      | Reached XP level 4. HP: 32/32 MP: 3/7
  1908 | D:3      | Reached skill level 5 in Necromancy
  2857 | D:4      | Noticed an ice beast
  2872 | D:4      | Slain by an ice beast

Illustrated notes

Levels and vault maps discovered:
D:1:      eino_arrival_druids_welcome, layout_rooms, serial_shops,
          nicolae_book_shop_shelving
D:2:      layout_basic, serial_forest, infiniplex_forest_lined_2,
          infiniplex_forest_straight_3, infiniplex_forest_lined_3,
          infiniplex_forest_clump_small, infiniplex_forest_end_2,
          infiniplex_forest_end_double, infiniplex_forest_end_2,
          infiniplex_forest_zigzag_2, infiniplex_forest_clump_diagonal,
          basic_altar
D:3:      layout_loops_ring, mainiacjoe_overflow_surrounded_room,
          portal_sewer_entry_e
D:4:      layout_basic, kennysheep_orc_sif_temple,
          minmay_temple_entry_junction_2

Skill      XL: |  1  2  3  4 |
---------------+-------------+-----
Dodging        | 2 |  2.7
Stealth        | 2 |  2.0
Fighting       | 1 |  1.7
Necromancy     | 5 |  5.1
Spellcasting   | |  2.9

Action                     |  1- 3 |  4- 6 || total
---------------------------+-------+-------++-------
  Melee: Hand axe          |    11 |     5 ||    16
   Cast: Necrotise         |    71 |    57 ||   128
 Armour: Robe              |    12 |    21 ||    33
  Dodge: Dodged            |    19 |    21 ||    40
